[Event "18th Charleroi Open-A 2019"]
[Site "Charleroi"]
[Date "2019.07.30"]
[Round "5.23"]
[White "Uhoda, Philippe"]
[Black "Iolis, Oleg"]
[Result "1-0"]
[ECO "D88"]
[WhiteElo "2062"]
[BlackElo "2178"]
[Annotator "NA"]
[PlyCount "111"]
[EventDate "2019.07.22"]
[EventType "swiss"]
[EventCountry "BEL"]
[SourceTitle "playchess.com"]
[Source "ChessBase"]
[SourceQuality "1"]
[TimeControl "40/5400+30:1800+30"]

1. d4 Nf6 2. c4 g6 3. Nc3 d5 4. cxd5 Nxd5 5. e4 Nxc3 6. bxc3 Bg7 7. Bc4 c5 8. Ne2 Nc6 9. Be3 O-O 10. O-O cxd4 11. cxd4 Na5 12. Bd3 Be6 13. Qa4 Bd7 14. Qa3 Rc8 15. Rab1 e6 16. Rfc1 b6 17. Ba6 Rxc1+ 18. Rxc1 Bc6 19. f3 Qd7 20. Qb4 Rd8 21. h4 h5 22. e5 Bf8 23. Qe1 Ba3 24. Rb1 Bd5 25. Bg5 Be7 26. Qg3 Bxa2 27. Rc1 Nb3 28. Rc2 Bb1 29. Rb2 Nxd4 30. Rxb1 b5 31. Nxd4 Qxd4+ 32. Kh2 Bxg5 33. Qxg5 Rf8 34. Bxb5 a5 35. Kg3 Qc3 36. Rc1 Qb4 37. Bd3 Qb7 38. Be4 Qa7 39. Rb1 Rb8 40. Bxg6 fxg6 41. Qxg6+ Kh8 42. Qh6+ Kg8 43. Qxe6+ Kh7 44. Qf5+ Kg7 45. Qg5+ Kf8 46. Qf4+ Kg7 47. Qf6+ Kh7 48. Rxb8 Qxb8 49. Qf5+ Kg7 50. Qxh5 Qg8 51. Kh2 Qe6 52. Qg5+ Kh7 53. Qf4 Kg6 54. Qe4+ Qf5 55. h5+ Kg5 56. Qe3+ 1-0

[Event "18th Charleroi Open-A 2019"]
[Site "Charleroi"]
[Date "2019.07.30"]
[Round "5.24"]
[White "Godde, Matthias"]
[Black "Moreels, Yves"]
[Result "0-1"]
[ECO "B01"]
[WhiteElo "1989"]
[BlackElo "2079"]
[Annotator "NA"]
[PlyCount "82"]
[EventDate "2019.07.22"]
[EventType "swiss"]
[EventCountry "BEL"]
[SourceTitle "playchess.com"]
[Source "ChessBase"]
[SourceQuality "1"]
[TimeControl "40/5400+30:1800+30"]

1. e4 Nc6 2. Nf3 d5 3. exd5 Qxd5 4. Nc3 Qa5 5. d4 Bg4 6. Be2 O-O-O 7. Be3 Nf6 8. Nd2 Bxe2 9. Qxe2 Qf5 10. Nb3 e6 11. O-O Nd5 12. Rac1 Nf4 13. Bxf4 Qxf4 14. Qe3 Qf5 15. Ne4 h5 16. c3 Rh6 17. Qe2 a6 18. Rfd1 Rg6 19. Nbc5 Qd5 20. Nd3 Bd6 21. b4 Kb8 22. f3 h4 23. Ndc5 f5 24. Nxd6 cxd6 25. Nd3 Qc4 26. Qb2 e5 27. dxe5 h3 28. g3 f4 29. g4 dxe5 30. Nc5 Rgd6 31. Rxd6 Rxd6 32. Re1 Rd8 33. a4 a5 34. Nxb7 Kxb7 35. bxa5+ Ka8 36. Qb6 Rb8 37. Qc7 Qc5+ 38. Kh1 Qxc3 39. Rf1 Qc4 40. Rd1 Qc3 41. Rf1 Qc2 0-1

[Event "18th Charleroi Open-A 2019"]
[Site "Charleroi"]
[Date "2019.07.30"]
[Round "5.25"]
[White "Hafner, Christian"]
[Black "Barbier, Astrid"]
[Result "1-0"]
[ECO "B38"]
[WhiteElo "2071"]
[BlackElo "1941"]
[Annotator "NA"]
[PlyCount "91"]
[EventDate "2019.07.22"]
[EventType "swiss"]
[EventCountry "BEL"]
[SourceTitle "playchess.com"]
[Source "ChessBase"]
[SourceQuality "1"]
[TimeControl "40/5400+30:1800+30"]

1. e4 c5 2. Nf3 g6 3. d4 cxd4 4. Nxd4 Nc6 5. c4 Bg7 6. Be3 Nf6 7. Nc3 O-O 8. Be2 d6 9. O-O Nd7 10. Qd2 Nxd4 11. Bxd4 Nc5 12. Bxg7 Kxg7 13. f4 b6 14. f5 Bb7 15. Rf4 g5 16. Rg4 f6 17. h4 Kh8 18. hxg5 fxg5 19. Qd4+ e5 20. Qd2 Rg8 21. Bf3 Bc6 22. b4 Nb7 23. Kf2 a6 24. a4 Rc8 25. Rh1 Bd7 26. Be2 a5 27. b5 Nc5 28. Qxd6 Re8 29. Nd5 Bxf5 30. Qxd8 Nxe4+ 31. Rxe4 Rcxd8 32. Re3 Rd6 33. Rg3 Be4 34. Bd3 Bxd3 35. Rxd3 Kg7 36. Re1 Rf8+ 37. Kg3 Re6 38. Rde3 Rf5 39. Rf3 Kg6 40. Ref1 Rxf3+ 41. Kxf3 h5 42. Ke4 h4 43. Rf5 Kh5 44. Rf6 Re8 45. Rxb6 Rf8 46. Nf6+ 1-0

[Event "18th Charleroi Open-A 2019"]
[Site "Charleroi"]
[Date "2019.07.30"]
[Round "5.27"]
[White "Dugailliez, Guy"]
[Black "Partoens, Remi"]
[Result "0-1"]
[ECO "C33"]
[WhiteElo "2063"]
[BlackElo "1957"]
[Annotator "NA"]
[PlyCount "67"]
[EventDate "2019.07.22"]
[EventType "swiss"]
[EventCountry "BEL"]
[SourceTitle "playchess.com"]
[Source "ChessBase"]
[SourceQuality "1"]
[TimeControl "40/5400+30:1800+30"]

1. e4 e5 2. f4 exf4 3. Bc4 Qh4+ 4. Kf1 d6 5. Nf3 Qh6 6. Nc3 Nf6 7. d4 Be6 8. Qe2 Nh5 9. Kg1 Nd7 10. Bxe6 fxe6 11. g4 Qg6 12. Qg2 Nhf6 13. g5 Nh5 14. Qg4 Be7 15. Bxf4 Ndf6 16. Qh4 O-O 17. Bg3 Nxe4 18. Nxe4 Rxf3 19. Qg4 Rf5 20. h4 Raf8 21. Re1 d5 22. Nc5 Nxg3 23. Qxg3 Bxc5 24. dxc5 Qh5 25. Rh2 Rf4 26. Qh3 R8f5 27. Qe3 Re4 28. Qd2 Qf3 29. Rg2 Rxh4 30. Qe2 Re4 31. Qxf3 Rxe1+ 32. Kf2 Ree5 33. Qxf5 Rxf5+ 34. Ke3 0-1

[Event "18th Charleroi Open-A 2019"]
[Site "Charleroi"]
[Date "2019.07.30"]
[Round "5.28"]
[White "Fischer, Julie"]
[Black "Van Haelst, Raymond"]
[Result "1-0"]
[ECO "C22"]
[WhiteElo "2050"]
[BlackElo "1947"]
[Annotator "NA"]
[PlyCount "57"]
[EventDate "2019.07.22"]
[EventType "swiss"]
[EventCountry "BEL"]
[SourceTitle "playchess.com"]
[Source "ChessBase"]
[SourceQuality "1"]
[TimeControl "40/5400+30:1800+30"]

1. e4 e5 2. d4 exd4 3. Qxd4 Nc6 4. Qe3 Nf6 5. h3 Bb4+ 6. c3 Ba5 7. Bd3 Qe7 8. Nf3 Bb6 9. Qe2 d6 10. Na3 a6 11. Bg5 h6 12. Bh4 Ba7 13. Nc4 g5 14. Bg3 b5 15. Ncd2 Nd7 16. h4 g4 17. Nh2 Nde5 18. Bc2 h5 19. Nhf1 Be6 20. Ne3 Bxe3 21. Qxe3 Nc4 22. Nxc4 Bxc4 23. b3 Be6 24. O-O Ne5 25. a4 bxa4 26. Rxa4 Bd7 27. Ra5 Bc6 28. Bxe5 dxe5 29. Qc5 1-0

[Event "18th Charleroi Open-A 2019"]
[Site "Charleroi"]
[Date "2019.07.30"]
[Round "5.30"]
[White "Dierckens, Sarah"]
[Black "Zamparo, Sergio"]
[Result "1/2-1/2"]
[ECO "B07"]
[WhiteElo "1770"]
[BlackElo "2031"]
[Annotator "NA"]
[PlyCount "52"]
[EventDate "2019.07.22"]
[EventType "swiss"]
[EventCountry "BEL"]
[SourceTitle "playchess.com"]
[Source "ChessBase"]
[SourceQuality "1"]
[TimeControl "40/5400+30:1800+30"]

1. e4 d6 2. d4 Nf6 3. Nc3 e5 4. dxe5 dxe5 5. Qxd8+ Kxd8 6. Nf3 Bd6 7. Bc4 Be6 8. Bxe6 fxe6 9. h3 Ke7 10. Be3 Nc6 11. O-O-O a6 12. Nd2 b5 13. g4 Na5 14. a3 b4 15. axb4 Bxb4 16. Na4 Rhd8 17. c3 Bd6 18. Nc5 Kf7 19. Kc2 Bxc5 20. Bxc5 Nc6 21. g5 Nh5 22. Nc4 Ke8 23. Rxd8+ Kxd8 24. Ra1 Kc8 25. b4 Kb7 26. Rd1 Kc8 1/2-1/2

[Event "18th Charleroi Open-A 2019"]
[Site "Charleroi"]
[Date "2019.07.30"]
[Round "5.31"]
[White "Damlakhi, Mahmoud"]
[Black "Moerman, Thomas"]
[Result "0-1"]
[ECO "D24"]
[WhiteElo "2008"]
[BlackElo "1931"]
[Annotator "NA"]
[PlyCount "56"]
[EventDate "2019.07.22"]
[EventType "swiss"]
[EventCountry "BEL"]
[SourceTitle "playchess.com"]
[Source "ChessBase"]
[SourceQuality "1"]
[TimeControl "40/5400+30:1800+30"]

1. d4 Nf6 2. Nf3 d5 3. c4 e6 4. Nc3 dxc4 5. e4 Bb4 6. Bxc4 Nxe4 7. O-O Nd6 8. Qa4+ Nc6 9. d5 exd5 10. Nxd5 Nxc4 11. Nxb4 Nb6 12. Qb5 O-O 13. Nxc6 bxc6 14. Qxc6 Qd5 15. Qxc7 Ba6 16. Re1 Rfc8 17. Qg3 Rc6 18. Bd2 Nc4 19. Bc3 Rg6 20. Qf4 Bb7 21. Kh1 Rd8 22. b3 Nb6 23. Qe5 Qc6 24. h4 Rxg2 25. Kxg2 Qxf3+ 26. Kf1 Qh3+ 27. Ke2 Ba6+ 28. Qb5 Bxb5# 0-1

[Event "18th Charleroi Open-A 2019"]
[Site "Charleroi"]
[Date "2019.07.30"]
[Round "5.32"]
[White "Lui, Eric"]
[Black "Guion, Geoffrey"]
[Result "0-1"]
[ECO "C11"]
[WhiteElo "1884"]
[BlackElo "2006"]
[Annotator "NA"]
[PlyCount "22"]
[EventDate "2019.07.22"]
[EventType "swiss"]
[EventCountry "BEL"]
[SourceTitle "playchess.com"]
[Source "ChessBase"]
[SourceQuality "1"]
[TimeControl "40/5400+30:1800+30"]

1. e4 e6 2. d4 d5 3. Nc3 Nf6 4. e5 Nfd7 5. f4 c5 6. Nf3 Nc6 7. Be3 cxd4 8. Nxd4 Bc5 9. Qd2 a6 10. Bd3 Bxd4 11. Bf1 Bc5 0-1

[Event "18th Charleroi Open-A 2019"]
[Site "Charleroi"]
[Date "2019.07.30"]
[Round "5.33"]
[White "Oupindrin, Narayanin"]
[Black "Denivet, Axel"]
[Result "1/2-1/2"]
[ECO "C79"]
[WhiteElo "2056"]
[BlackElo "1932"]
[Annotator "NA"]
[PlyCount "86"]
[EventDate "2019.07.22"]
[EventType "swiss"]
[EventCountry "BEL"]
[SourceTitle "playchess.com"]
[Source "ChessBase"]
[SourceQuality "1"]
[TimeControl "40/5400+30:1800+30"]

1. e4 e5 2. Nf3 Nc6 3. Bb5 a6 4. Ba4 Nf6 5. O-O d6 6. d4 b5 7. dxe5 Nxe5 8. Nxe5 bxa4 9. Nf3 Be7 10. Nc3 O-O 11. e5 Ng4 12. exd6 Bxd6 13. Ne4 Nxh2 14. Nxd6 Nxf1 15. Kxf1 cxd6 16. Bf4 Qf6 17. Qd4 Qxd4 18. Nxd4 d5 19. Re1 Bd7 20. Re7 Bb5+ 21. Kg1 Rfe8 22. Rb7 Re4 23. Be3 Rae8 24. c3 Bc4 25. a3 g6 26. Nc6 f5 27. Bd4 R4e6 28. Rg7+ Kf8 29. Rc7 Bb5 30. Bc5+ Kg8 31. Ne7+ R8xe7 32. Rxe7 Rxe7 33. Bxe7 Kf7 34. Bc5 Ke6 35. f4 d4 36. cxd4 Kd5 37. Kf2 Kc4 38. Ke3 Bc6 39. g3 Bd5 40. Bb4 Kb3 41. Bc3 Kc2 42. Ke2 Bc4+ 43. Ke3 Kd1 1/2-1/2

[Event "18th Charleroi Open-A 2019"]
[Site "Charleroi"]
[Date "2019.07.30"]
[Round "5.34"]
[White "Watelet, Sylvain"]
[Black "Verhalle, Elias"]
[Result "1/2-1/2"]
[ECO "E61"]
[WhiteElo "1961"]
[BlackElo "1983"]
[Annotator "NA"]
[PlyCount "41"]
[EventDate "2019.07.22"]
[EventType "swiss"]
[EventCountry "BEL"]
[SourceTitle "playchess.com"]
[Source "ChessBase"]
[SourceQuality "1"]
[TimeControl "40/5400+30:1800+30"]

1. d4 Nf6 2. Nf3 b6 3. Bf4 Bb7 4. e3 g6 5. c4 Bg7 6. Nc3 d6 7. h3 Nbd7 8. Be2 O-O 9. O-O Re8 10. Bh2 e5 11. Rc1 exd4 12. Nxd4 Ne4 13. Nxe4 Bxe4 14. Bf3 Nf6 15. b4 Bxf3 16. Qxf3 Ne4 17. Rfd1 Qd7 18. a3 a5 19. b5 Qe7 20. Rc2 Rac8 21. Kh1 1/2-1/2

[Event "18th Charleroi Open-A 2019"]
[Site "Charleroi"]
[Date "2019.07.31"]
[Round "6.5"]
[White "Capone, Nicola"]
[Black "Werner, Ivan"]
[Result "1-0"]
[ECO "D85"]
[WhiteElo "2297"]
[BlackElo "2129"]
[Annotator "NA"]
[PlyCount "115"]
[EventDate "2019.07.22"]
[EventType "swiss"]
[EventCountry "BEL"]
[SourceTitle "playchess.com"]
[Source "ChessBase"]
[SourceQuality "1"]
[TimeControl "40/5400+30:1800+30"]

1. d4 Nf6 2. c4 g6 3. Nc3 d5 4. cxd5 Nxd5 5. e4 Nxc3 6. bxc3 Bg7 7. Be3 c5 8. Nf3 Qa5 9. Qd2 O-O 10. Rb1 cxd4 11. cxd4 Qxd2+ 12. Kxd2 Rd8 13. Bd3 Nc6 14. d5 Na5 15. Ke2 e6 16. Bg5 f6 17. Bd2 b6 18. Bxa5 bxa5 19. Bc4 e5 20. Nd2 a4 21. Rb4 Bd7 22. Rhb1 Bf8 23. Rb7 Bd6 24. Bd3 Bc5 25. Bb5 Bc8 26. Rc7 Bd6 27. Rc4 a3 28. Bc6 Ba6 29. Bxa8 Rxa8 30. Kd1 Bxc4 31. Nxc4 Bc5 32. f3 a5 33. Rb5 Bb4 34. Kc2 Rc8 35. Kd3 f5 36. d6 fxe4+ 37. fxe4 Rd8 38. Rxe5 Bxd6 39. Rd5 Bc7 40. Rxd8+ Bxd8 41. Kd4 Kf7 42. Nxa3 Ke6 43. Nc4 h5 44. a4 g5 45. h3 g4 46. hxg4 hxg4 47. e5 Bc7 48. g3 Bb8 49. Ke4 Bc7 50. Kf4 Kd5 51. Ne3+ Kc5 52. Kf5 Bd8 53. Nxg4 Kb4 54. Ne3 Kxa4 55. Nc4 Kb5 56. Nxa5 Bxa5 57. e6 Kc6 58. Ke5 {[%emt 0:21:07] Kd5} 1-0

[Event "18th Charleroi Open-A 2019"]
[Site "Charleroi"]
[Date "2019.07.31"]
[Round "6.6"]
[White "Dauw, Sterre"]
[Black "Abdullayev, Elshad"]
[Result "1/2-1/2"]
[ECO "B17"]
[WhiteElo "2148"]
[BlackElo "2204"]
[Annotator "NA"]
[PlyCount "120"]
[EventDate "2019.07.22"]
[EventType "swiss"]
[EventCountry "BEL"]
[SourceTitle "playchess.com"]
[Source "ChessBase"]
[SourceQuality "1"]
[TimeControl "40/5400+30:1800+30"]

1. e4 c6 2. d4 d5 3. Nc3 dxe4 4. Nxe4 Nd7 5. Nf3 Ngf6 6. Nxf6+ Nxf6 7. Be2 Bf5 8. O-O e6 9. c4 Bd6 10. Qb3 Qc7 11. c5 Be7 12. Ne5 Nd5 13. Bc4 Rd8 14. Qg3 g5 15. Bd3 f6 16. Bxf5 exf5 17. Nc4 Qxg3 18. fxg3 Nb4 19. Ne3 Rxd4 20. Nxf5 Rd5 21. Nxe7 Kxe7 22. b3 Nd3 23. Ba3 Kf7 24. Rad1 Re8 25. Rd2 Red8 26. b4 Ne5 27. Rxd5 Rxd5 28. Bb2 Ke6 29. Bxe5 fxe5 30. Rf8 Rd7 31. Kf2 Kd5 32. Rg8 Kc4 33. Rxg5 Kxb4 34. Rxe5 a5 35. g4 a4 36. Ke2 Ka3 37. Re4 b5 38. cxb6 Rb7 39. Kd3 Rxb6 40. Re2 Rb4 41. h3 c5 42. Rc2 Rd4+ 43. Kc3 h6 44. Rf2 Re4 45. Rf5 Re2 46. Rxc5 Rxg2 47. Rh5 Kxa2 48. Rxh6 a3 49. Kd4 Rg3 50. Ke4 Kb2 51. Ra6 a2 52. Rxa2+ Kxa2 53. Kf5 Rf3+ 54. Ke6 Rxh3 55. g5 Rg3 56. Kf6 Kb3 57. g6 Kc4 58. g7 Kd5 59. Kf7 Rxg7+ 60. Kxg7 Ke5 1/2-1/2

[Event "18th Charleroi Open-A 2019"]
[Site "Charleroi"]
[Date "2019.07.31"]
[Round "6.7"]
[White "Gijsen, Stief"]
[Black "Anciaux, Marc"]
[Result "1/2-1/2"]
[ECO "C65"]
[WhiteElo "2227"]
[BlackElo "2120"]
[Annotator "NA"]
[PlyCount "66"]
[EventDate "2019.07.22"]
[EventType "swiss"]
[EventCountry "BEL"]
[SourceTitle "playchess.com"]
[Source "ChessBase"]
[SourceQuality "1"]
[TimeControl "40/5400+30:1800+30"]

1. e4 e5 2. Nf3 Nc6 3. Bb5 Nf6 4. d3 d6 5. O-O Be7 6. c3 O-O 7. Nbd2 Bd7 8. a4 a6 9. Bc4 h6 10. b4 Nh7 11. Qb3 Ng5 12. Kh1 Bf6 13. Bd5 Rb8 14. Qa2 Ne7 15. Bb3 Ng6 16. Nxg5 hxg5 17. Nc4 Nf4 18. Bxf4 gxf4 19. Rad1 Qe7 20. Rfe1 g6 21. d4 Kg7 22. dxe5 Bxe5 23. Nxe5 dxe5 24. Rd3 Rfd8 25. Red1 Be8 26. Qd2 Rxd3 27. Qxd3 Bc6 28. a5 Rh8 29. Kg1 g5 30. Bd5 Rh6 31. Qf3 Bxd5 32. Rxd5 c6 33. Rd1 Rd6 1/2-1/2

[Event "18th Charleroi Open-A 2019"]
[Site "Charleroi"]
[Date "2019.07.31"]
[Round "6.8"]
[White "Duhayon, Yves"]
[Black "Klinova, Masha"]
[Result "0-1"]
[ECO "A41"]
[WhiteElo "2132"]
[BlackElo "2269"]
[Annotator "NA"]
[PlyCount "90"]
[EventDate "2019.07.22"]
[EventType "swiss"]
[EventCountry "BEL"]
[SourceTitle "playchess.com"]
[Source "ChessBase"]
[SourceQuality "1"]
[TimeControl "40/5400+30:1800+30"]

1. d4 d6 2. c4 e5 3. d5 f5 4. e4 Nf6 5. exf5 Bxf5 6. Nc3 Be7 7. Nge2 O-O 8. Ng3 Bd7 9. Bd3 Na6 10. O-O Nc5 11. Bc2 a5 12. Be3 Ng4 13. Bxc5 dxc5 14. Nce4 Bd6 15. Qd2 Rf4 16. Ne2 Nxh2 17. Nxf4 Nxf1 18. Qd3 exf4 19. Nxd6 Qh4 20. Qxh7+ Qxh7 21. Bxh7+ Kxh7 22. Ne4 Bf5 23. Ng5+ Kh6 24. Nf3 Ne3 25. fxe3 fxe3 26. Ne1 Kg5 27. Rc1 Re8 28. Kf1 Kf4 29. Rc3 b6 30. b3 g5 31. Ke2 Bg4+ 32. Kf1 Bf5 33. Ke2 g4 34. Nd3+ Ke4 35. Ne1 Kd4 36. Rc1 Ke4 37. Rd1 g3 38. d6 Bg4+ 39. Nf3 cxd6 40. Rxd6 Rg8 41. Rh6 Bxf3+ 42. gxf3+ Kd4 43. Rh1 g2 44. Rg1 Rg3 45. Rd1+ Ke5 0-1

[Event "18th Charleroi Open-A 2019"]
[Site "Charleroi"]
[Date "2019.07.31"]
[Round "6.9"]
[White "Roger, Mehdi"]
[Black "Faybish, Nimrod"]
[Result "1/2-1/2"]
[ECO "B33"]
[WhiteElo "2125"]
[BlackElo "2220"]
[Annotator "NA"]
[PlyCount "72"]
[EventDate "2019.07.22"]
[EventType "swiss"]
[EventCountry "BEL"]
[SourceTitle "playchess.com"]
[Source "ChessBase"]
[SourceQuality "1"]
[TimeControl "40/5400+30:1800+30"]

1. e4 c5 2. Nf3 Nc6 3. d4 cxd4 4. Nxd4 Nf6 5. Nc3 e5 6. Ndb5 d6 7. Bg5 a6 8. Na3 b5 9. Nd5 Be7 10. Bxf6 Bxf6 11. c4 b4 12. Nc2 a5 13. g3 O-O 14. Bg2 Bg5 15. O-O Be6 16. Qd3 Qb8 17. h4 Bh6 18. Rad1 Ra7 19. Nde3 Bxe3 20. Nxe3 Nd4 21. b3 a4 22. Nc2 Nxc2 23. Qxc2 Qb6 24. Qd3 axb3 25. axb3 Ra3 26. Rd2 Rc8 27. Rc1 Rc6 28. Kh2 Qc5 29. Bh3 Bxh3 30. Kxh3 Rca6 31. Rcd1 h6 32. Kg2 Qc6 33. Qf3 Qc7 34. Rd5 Rc6 35. Rb5 Rca6 36. Rbd5 R3a5 1/2-1/2

[Event "18th Charleroi Open-A 2019"]
[Site "Charleroi"]
[Date "2019.07.31"]
[Round "6.10"]
[White "Verheyen, Olivier"]
[Black "Lacroix, Bruno"]
[Result "1-0"]
[ECO "B90"]
[WhiteElo "2200"]
[BlackElo "2152"]
[Annotator "NA"]
[PlyCount "75"]
[EventDate "2019.07.22"]
[EventType "swiss"]
[EventCountry "BEL"]
[SourceTitle "playchess.com"]
[Source "ChessBase"]
[SourceQuality "1"]
[TimeControl "40/5400+30:1800+30"]

1. e4 c5 2. Nf3 d6 3. d4 cxd4 4. Nxd4 Nf6 5. Nc3 a6 6. f3 e5 7. Nb3 Be6 8. Be3 h5 9. Nd5 Nxd5 10. exd5 Bf5 11. Bd3 Bxd3 12. Qxd3 Be7 13. c4 Nd7 14. Qd2 f5 15. Na5 f4 16. Bf2 Bh4 17. O-O Bxf2+ 18. Rxf2 Rb8 19. b4 O-O 20. Rc1 Nf6 21. Rff1 Qd7 22. Rfd1 g5 23. c5 e4 24. c6 bxc6 25. dxc6 Qa7+ 26. Qd4 Qxd4+ 27. Rxd4 d5 28. a4 exf3 29. gxf3 Rf7 30. Nb7 Rc7 31. Kf2 Kf7 32. b5 axb5 33. axb5 Ke7 34. b6 Rbxb7 35. cxb7 Rxb7 36. Rc6 h4 37. Ra4 Ne8 38. Ra7 1-0

[Event "18th Charleroi Open-A 2019"]
[Site "Charleroi"]
[Date "2019.07.31"]
[Round "6.11"]
[White "Huynh, Laurent"]
[Black "Hoffmeister, Frank"]
[Result "0-1"]
[ECO "B12"]
[WhiteElo "2111"]
[BlackElo "2187"]
[Annotator "NA"]
[PlyCount "68"]
[EventDate "2019.07.22"]
[EventType "swiss"]
[EventCountry "BEL"]
[SourceTitle "playchess.com"]
[Source "ChessBase"]
[SourceQuality "1"]
[TimeControl "40/5400+30:1800+30"]

1. e4 c6 2. d4 d5 3. e5 Bf5 4. Bd3 Bxd3 5. Qxd3 Qa5+ 6. c3 Qa6 7. Qd1 e6 8. Be3 Ne7 9. Nd2 Nf5 10. Ndf3 c5 11. Ne2 Nc6 12. O-O Be7 13. Qd2 cxd4 14. Bxd4 O-O 15. Rfe1 Rac8 16. a3 Na5 17. Qc2 Nc4 18. g4 Nxd4 19. Nexd4 Rfe8 20. Re2 b5 21. h4 b4 22. Qd3 b3 23. Kg2 Qb6 24. Ng5 g6 25. Rh1 Qc7 26. f4 Bd8 27. Ngf3 a5 28. h5 a4 29. hxg6 fxg6 30. f5 exf5 31. gxf5 Nxb2 32. Qb5 Rf8 33. Qxd5+ Qf7 34. Rxb2 Qxd5 0-1

[Event "18th Charleroi Open-A 2019"]
[Site "Charleroi"]
[Date "2019.07.31"]
[Round "6.12"]
[White "Ghyselen, Wouter"]
[Black "Van Malder, Dries"]
[Result "1-0"]
[ECO "A45"]
[WhiteElo "2078"]
[BlackElo "2178"]
[Annotator "NA"]
[PlyCount "114"]
[EventDate "2019.07.22"]
[EventType "swiss"]
[EventCountry "BEL"]
[SourceTitle "playchess.com"]
[Source "ChessBase"]
[SourceQuality "1"]
[TimeControl "40/5400+30:1800+30"]

1. d4 Nf6 2. Bg5 Ne4 3. Bf4 d5 4. e3 c5 5. Bd3 Nf6 6. c3 Nc6 7. Nd2 Bg4 8. Ngf3 e6 9. Qa4 Nd7 10. Ne5 Ndxe5 11. Bxe5 Bh5 12. Bb5 Qc8 13. dxc5 f6 14. Bd6 Bxd6 15. cxd6 Qd7 16. c4 Qxd6 17. cxd5 Qxd5 18. e4 Qd7 19. Nb3 O-O 20. O-O a6 21. Bxc6 Qxc6 22. Qxc6 bxc6 23. Rfc1 Rfd8 24. Rxc6 e5 25. Kf1 a5 26. Ke1 a4 27. Nd2 Rab8 28. Rc2 Rd4 29. Rac1 Rdb4 30. Rc8+ Rxc8 31. Rxc8+ Kf7 32. Nc4 Ke7 33. Kd2 Bf7 34. Kc3 Rb7 35. f3 g6 36. Rc5 h5 37. g3 g5 38. b3 axb3 39. axb3 g4 40. fxg4 hxg4 41. b4 Be8 42. Ne3 Bd7 43. Nd5+ Ke6 44. b5 f5 45. Kb4 fxe4 46. Ne3 Kd6 47. Nc4+ Ke6 48. b6 Rb8 49. Rxe5+ Kf6 50. Rxe4 Rh8 51. Re2 Be6 52. Na5 Rb8 53. Kc5 Bd7 54. b7 Bf5 55. Kb6 Bd3 56. Rf2+ Ke5 57. Nc6+ Kd5 1-0

[Event "18th Charleroi Open-A 2019"]
[Site "Charleroi"]
[Date "2019.07.31"]
[Round "6.13"]
[White "Van Doren, Bas"]
[Black "Manafov, Vugar"]
[Result "1-0"]
[ECO "B03"]
[WhiteElo "1976"]
[BlackElo "2175"]
[Annotator "NA"]
[PlyCount "69"]
[EventDate "2019.07.22"]
[EventType "swiss"]
[EventCountry "BEL"]
[SourceTitle "playchess.com"]
[Source "ChessBase"]
[SourceQuality "1"]
[TimeControl "40/5400+30:1800+30"]

1. e4 Nf6 2. e5 Nd5 3. d4 d6 4. c4 Nb6 5. exd6 cxd6 6. Nc3 g6 7. Be3 Bg7 8. Rc1 O-O 9. b3 Bf5 10. h3 d5 11. c5 Nc8 12. g4 Bd7 13. Bg2 e6 14. Nge2 Nc6 15. Rb1 b6 16. b4 bxc5 17. bxc5 f5 18. O-O fxg4 19. hxg4 Qh4 20. f3 N8e7 21. Rb7 Rad8 22. Qd2 h6 23. Nb5 e5 24. Nd6 exd4 25. Nxd4 Be5 26. f4 Bxd4 27. Bxd4 Qxg4 28. Ba1 d4 29. f5 Bxf5 30. Rxe7 Nxe7 31. Rf4 Qg3 32. Qxd4 Rf6 33. Qxf6 Qe3+ 34. Kh1 Qe1+ 35. Rf1 1-0

[Event "18th Charleroi Open-A 2019"]
[Site "Charleroi"]
[Date "2019.07.31"]
[Round "6.14"]
[White "Goormachtigh, Johan"]
[Black "Roels, Frederik"]
[Result "1-0"]
[ECO "D70"]
[WhiteElo "2164"]
[BlackElo "1944"]
[Annotator "NA"]
[PlyCount "61"]
[EventDate "2019.07.22"]
[EventType "swiss"]
[EventCountry "BEL"]
[SourceTitle "playchess.com"]
[Source "ChessBase"]
[SourceQuality "1"]
[TimeControl "40/5400+30:1800+30"]

1. d4 Nf6 2. Nf3 g6 3. c4 d5 4. cxd5 Bg7 5. Qa4+ Kf8 6. Nc3 Nxd5 7. e4 Nxc3 8. bxc3 c5 9. Be3 Nc6 10. Be2 cxd4 11. cxd4 Bg4 12. Rd1 Kg8 13. O-O h6 14. h3 Bd7 15. Qa3 Qe8 16. d5 Ne5 17. Nxe5 Bxe5 18. f4 Bc7 19. Qb4 b5 20. e5 Kh7 21. Bc5 Bb6 22. Rc1 Qb8 23. Kh1 a5 24. Qd4 Bxc5 25. Qxc5 Ra7 26. e6 Rc8 27. Qxe7 Bxe6 28. Rxc8 Bxc8 29. Qe8 b4 30. f5 g5 31. f6 1-0

[Event "18th Charleroi Open-A 2019"]
[Site "Charleroi"]
[Date "2019.07.31"]
[Round "6.15"]
[White "Butzen, Robin"]
[Black "Soyunlu, Narmin"]
[Result "0-1"]
[ECO "E05"]
[WhiteElo "1967"]
[BlackElo "2099"]
[Annotator "NA RC"]
[PlyCount "56"]
[EventDate "2019.07.22"]
[EventType "swiss"]
[EventCountry "BEL"]
[SourceTitle "playchess.com"]
[Source "ChessBase"]
[SourceQuality "1"]
[TimeControl "40/5400+30:1800+30"]

1. d4 Nf6 2. c4 e6 3. Nf3 d5 4. g3 Be7 5. Bg2 O-O 6. O-O dxc4 7. Ne5 Nc6 8. Bxc6 bxc6 9. Nxc6 Qe8 10. Nxe7+ Qxe7 11. Na3 e5 12. dxe5 Qxe5 13. Nxc4 Qh5 14. Ne3 Ba6 15. Re1 Rfe8 16. Qc2 Ne4 17. Ng2 Qf5 18. Be3 c6 19. Rac1 Re6 20. f3 Nd6 21. Qxf5 Nxf5 22. Bf2 Rxe2 23. Rxc6 Bb7 24. Rxe2 Bxc6 25. Ne1 h5 26. Kg2 Nd6 27. Rc2 Bb5 28. Rc5 Be2 0-1

[Event "18th Charleroi Open-A 2019"]
[Site "Charleroi"]
[Date "2019.07.31"]
[Round "6.17"]
[White "Ramacker, Quinten"]
[Black "Van Mechelen, Jan"]
[Result "0-1"]
[ECO "B80"]
[WhiteElo "2006"]
[BlackElo "2218"]
[Annotator "NA"]
[PlyCount "34"]
[EventDate "2019.07.22"]
[EventType "swiss"]
[EventCountry "BEL"]
[SourceTitle "playchess.com"]
[Source "ChessBase"]
[SourceQuality "1"]
[TimeControl "40/5400+30:1800+30"]

1. e4 c5 2. Nf3 d6 3. d4 cxd4 4. Nxd4 Nf6 5. Nc3 e6 6. Bg5 Be7 7. f4 h6 8. Bxf6 Bxf6 9. Ndb5 Be7 10. e5 d5 11. f5 O-O 12. f6 gxf6 13. Qg4+ Kh7 14. exf6 Bxf6 15. Bd3+ Kh8 16. O-O Bg7 17. Qh5 a6 0-1

[Event "18th Charleroi Open-A 2019"]
[Site "Charleroi"]
[Date "2019.07.31"]
[Round "6.20"]
[White "Moreels, Yves"]
[Black "Verbist, Julien"]
[Result "1/2-1/2"]
[ECO "B14"]
[WhiteElo "2079"]
[BlackElo "1974"]
[Annotator "NA"]
[PlyCount "46"]
[EventDate "2019.07.22"]
[EventType "swiss"]
[EventCountry "BEL"]
[SourceTitle "playchess.com"]
[Source "ChessBase"]
[SourceQuality "1"]
[TimeControl "40/5400+30:1800+30"]

1. c4 c6 2. e4 d5 3. exd5 cxd5 4. d4 Nf6 5. Nc3 Nc6 6. Nf3 e6 7. Bg5 Be7 8. c5 O-O 9. Bb5 Ne4 10. Bxe7 Nxc3 11. Bxd8 Nxd1 12. Bxc6 bxc6 13. Rxd1 Rxd8 14. O-O f6 15. Rfe1 Kf7 16. h4 Rb8 17. Rd2 Rb4 18. a3 Rb3 19. Re3 Rxe3 20. fxe3 a5 21. b4 Ba6 22. Rb2 Rb8 23. Kf2 h5 1/2-1/2